cohdb
Replays
Latest Replays
All Replays
Popular Replays
Top Player Replays
Match Explorer
How It Works
Community
CoH3 Stats
Reddit
Sign in to upload your games and track your stats! →
Sign in with Steam
Match 42943146
Unlisted
Match 42943146
Overview
Messages
Build Orders
End
Pioneer Squad
Construct Infanterie Kompanie
Selects Terror Battlegroup
Selects Machine Gun Camouflage
MG 42 Machine Gun Team
Grenadier Squad
MG 42 Machine Gun Team
Infanterie Officer Quarters
Sniper
Construct Panzergrenadier Kompanie
Selects Interrogate
Medical Bunker
Pak 40 Anti-tank Gun Team
Panzergrenadier Squad
Support Elements
StuG III G Assault Gun
Nebelwerfer 42 Rocket Launcher Team
Panzergrenadier Squad
Selects Defend the Fatherland
StuG III G Assault Gun
StuG III G Assault Gun
Selects King Tiger Heavy Tank
Goodvyn
TestingWarHead
0
0
Comments
sign in to comment!
No comments posted yet!